 Dungeon Crawl Stone Soup version 0.28-a0-1227-ga9037bb4c8 (webtiles) character file.

Game seed: 5302760370355835739

242 siradein the Ducker (level 5, -2/42 HPs)
             Began as a Vampire Monk on Dec 22, 2021.
             Slain by a scorpion (8 damage)
             ... on level 4 of the Dungeon.
             The game lasted 00:04:16 (2951 turns).

siradein the Ducker (Vampire Monk)                  Turns: 2951, Time: 00:04:17

Health: -2/42      AC:  4    Str: 12    XL:     5   Next: 81%
Magic:  5/5        EV: 13    Int: 13    God:
Gold:   133        SH:  0    Dex: 16    Spells: 4/4 levels left

rFire   . . .      SeeInvis +   j - +0 scimitar
rCold   . . .      Faith    .   (no shield)
rNeg    . . .      Spirit   .   f - +0 leather armour
rPois   .          Reflect  .   (no helmet)
rElec   .          Harm     .   (no cloak)
rCorr   .          Rampage  .   g - +0 pair of gloves
Will    .....                   (no boots)
Stlth   ++........              (no amulet)
HPRegen 0.34/turn               (no ring)
MPRegen 0.09/turn               (no ring)

@: lethally poisoned (-2 -> -3), healing quickly
A: alive, fangs 3, see invisible, vampiric 2
a: Exsanguinate


You were on level 4 of the Dungeon.
You visited 1 branch of the dungeon, and saw 4 of its levels.

You collected 133 gold pieces.

Inventory:

Hand Weapons
 j - a +0 scimitar (weapon)
Armour
 f - a +0 leather armour (worn)
 g - a +0 pair of gloves (worn)
Wands
 n - a wand of polymorph (7)
Scrolls
 c - 2 scrolls of fog
 d - 3 scrolls of teleportation
 e - a scroll of identify {unknown}
 k - a scroll of immolation {unknown}
Potions
 a - 2 potions of curing {unknown}
 b - a potion of might {unknown}
 h - a potion of invisibility {unknown}
 i - 2 potions of flight {unknown}
 l - a potion of berserk rage {unknown}
 m - a potion of lignification {unknown}


   Skills:
 + Level 4.1 Fighting
 + Level 4.4 Long Blades
 + Level 4.9 Dodging
 - Level 3.0 Stealth


You had 4 spell levels left.
You didn't know any spells.
Your spell library was empty.

Dungeon Overview and Level Annotations

Branches:
Dungeon (4/15)
 Temple: D:4-7

Altars:
Zin


Innate Abilities, Weirdness & Mutations

Your natural rate of healing is accelerated.
You have razor-sharp teeth.
You have supernaturally acute eyesight. (SInv)
You are afflicted with vampirism and can become a bat while bloodless.


Message History

You hit the adder but do no damage.
The adder is moderately wounded.
The adder bites you.
You are poisoned.
The adder poisons you!
You slash the adder!
You kill the adder!
You feel sick.
No target in view!
No target in view!
You feel sick.
You feel sick.
You hear the slow rusting of a distant drain.
You feel sick.
You feel sick.
You feel sick.
You are no longer poisoned.
A scorpion comes into view.
The scorpion moves out of view.
You hit the scorpion.
The scorpion is moderately wounded.
The scorpion stings you.
You closely miss the scorpion. You bite the scorpion.
The scorpion is moderately wounded.
The scorpion stings you!
You are poisoned.
The scorpion poisons you! The scorpion stings you!
You are too injured to fight recklessly!
You are too injured to fight recklessly!
You are too injured to fight recklessly!
You feel very sick.
You feel sick.
You feel sick.
You feel sick. The scorpion barely misses you.
You feel sick.
You feel sick.
You hit the scorpion.
The scorpion is moderately wounded.
You feel sick. The scorpion barely misses you. The scorpion stings you!
You die...

#..##.# #.#
#.# #..##.#
#.# #..
#..##.###.#
#.#
#........(#
..
#.###.#####
#.# #.# #.#
#.# #@# #s#
#.## #..#
##.# #.#
#.# #.# #.#


You could see a scorpion.

Vanquished Creatures
  A bullfrog zombie (D:4)
  A hound (D:3)
  Jessica (D:3)
  Terence (D:3)
  4 gnolls (D:3)
  3 adders
  A worm (D:2)
  A dart slug (D:1)
  2 orcs (D:3)
  5 endoplasms
  2 giant cockroaches (D:1)
  5 goblins
  7 hobgoblins
  7 quokkas
  4 ball pythons
  2 bats (D:3)
  3 frilled lizards
  6 kobolds
  5 rats
61 creatures vanquished.

Notes
Turn   | Place    | Note
-------+----------+-------------------------------------------
     0 | D:1      | siradein the Vampire Monk began the quest for the Orb.
     0 | D:1      | Reached XP level 1. HP: 17/17 MP: 1/1
   240 | D:1      | Reached XP level 2. HP: 21/23 MP: 2/2
   774 | D:2      | Gained mutation: You are afflicted with vampirism and can
                  | become a bat while bloodless. [Vampire growth]
   774 | D:2      | Reached XP level 3. HP: 26/29 MP: 3/3
  1895 | D:3      | Reached XP level 4. HP: 14/35 MP: 4/4
  1967 | D:3      | Found a faded altar of an unknown god.
  2069 | D:3      | Noticed Terence
  2123 | D:3      | Killed Terence
  2297 | D:3      | Reached XP level 5. HP: 18/42 MP: 5/5
  2727 | D:3      | Noticed Jessica
  2733 | D:3      | Killed Jessica
  2951 | D:4      | Slain by a scorpion

Illustrated notes

Levels and vault maps discovered:
D:1:      heliophobic_arrival_henge, layout_loops_ring
D:2:      layout_loops_corners
D:3:      layout_basic, mainiacjoe_overflow_cross_hatched,
          ebering_ecumenical_altar_webs, uniq_terence, uniq_jessica
D:4:      layout_loops_ring, minmay_temple_entry_sparse_star,
          portal_sewer_entry_d, amcnicky_mini_rare_corridor_liquid,
          kennysheep_dice, uniq_blork_the_orc, uniq_natasha

Skill      XL: |  1  2  3  4  5 |
---------------+----------------+-----
Fighting       | 3 4 |  4.1
Dodging        | 4 |  4.9
Long Blades    | 4 |  4.4
Stealth        | |  3.0

Action                   |  1- 3 |  4- 6 || total
-------------------------+-------+-------++-------
Melee: Falchion          |   131 |     1 ||   132
       Bite              |     7 |     5 ||    12
       Scimitar          |       |    85 ||    85
  Use: Scroll            |     2 |       ||     2
 Stab: Sleeping          |    10 |     2 ||    12
Armor: Leather armour    |    27 |    13 ||    40
       Robe              |     1 |       ||     1
Dodge: Dodged            |    79 |    69 ||   148

Table legend: (Time is in decaauts)
 A = Elapsed time spent in this place.
 B = Non-inter-level travel time spent in this place.
 C = Inter-level travel time spent in this place.
 D = Time resting spent in this place.
 E = Time spent auto-exploring this place.
 F = Levels seen in this place.
 G = Mean time per level.
                   A        B        C        D        E       F      G
               +--------+--------+--------+--------+--------+-----+--------+
         Total |   2985 |   2906 |     79 |    115 |   1972 |   4 |  746.2 |
       Dungeon |   2985 |   2906 |     79 |    115 |   1972 |   4 |  746.2 |
               +--------+--------+--------+--------+--------+-----+--------+

Top non-repeatable levels by time:
     D:2: 1096 daAuts
     D:3: 1077 daAuts
     D:1: 745 daAuts
     D:4: 66 daAuts
